Map: Simulacrum LE

Players

Light

  • Race: Terran Terran
  • League: Master
  • Spawn Location: 5:00

ViBE - Winner!

  • Race: Terran Terran
  • League: Master
  • Spawn Location: 11:00

VOD

Have the link to the VOD?

Description

Time

  • Played on: Dec. 26, 2019, 8:32 p.m.
  • Length: 19:12
Show
View Real Time Build Order
Export as new Build Order

Light Terran 

Build Orders:  

Get SALT Encoding   

  12  0:00  SCV  
  13  0:13  SCV  
  14  0:17  Supply Depot  
  14  0:25  SCV  
  14  0:28  Refinery  
  15  0:38  SCV  
  16  0:45  Barracks  
  16  0:51  SCV  
  16  0:54  Refinery  
  17  1:03  SCV  
  18  1:15  SCV  
  19  1:32  Reaper, Orbital Command  
  20  1:35  Factory  
  20  1:46  Supply Depot  
  20  1:57  SCV  
  21  2:04  Reaper  
  22  2:13  SCV  
  23  2:21  Command Center  
  23  2:24  Hellion  
  25  2:32  SCV  
  25  2:37  Reaper  
  27  2:42  Supply Depot  
  27  2:45  SCV  
  27  2:46  Hellion  
  30  2:54  Starport  
  30  2:58  SCV  
  31  3:07  Factory Tech Lab  
  31  3:09  Barracks Reactor  
  31  3:12  SCV  
  32  3:25  SCV, Cyclone  
  36  3:34  Starport Tech Lab  
  36  3:38  Orbital Command  
  36  3:45  Marine  
  36  3:46  Marine  
  38  3:51  SCV  
  38  3:54  Raven  
  41  4:03  Marine x2  
  41  4:04  SCV  
  41  4:07  Refinery  
  44  4:12  SCV  
  44  4:15  Supply Depot  
  44  4:16  SCV  
  46  4:21  Marine, Siege Tank  
  49  4:24  SCV  
  49  4:28  SCV  
  51  4:36  SCV  
  52  4:40  SCV, Marine x2  
  49  4:48  SCV  
  49  4:50  Barracks  
  49  4:51  Barracks  
  49  4:52  SCV  
  51  4:59  Siege Tank  
  54  5:00  SCV  
  54  5:02  Command Center  
  54  5:03  Marine x2  
  54  5:05  SCV  
  58  5:12  SCV  
  58  5:13  Supply Depot  
  59  5:17  SCV  
  62  5:29  Supply Depot  
  62  5:34  Marine x2, SCV x2, Siege Tank  
  67  5:40  Barracks Reactor  
  67  5:45  Starport Reactor  
  67  5:46  SCV x2, Refinery  
  67  5:47  Engineering Bay  
  69  5:56  Marine, Combat Shield  
  70  5:57  Marine x2  
  70  5:58  SCV x2  
  70  6:02  Supply Depot  
  70  6:03  Supply Depot  
  74  6:07  Siege Tank  
  74  6:10  SCV  
  78  6:14  SCV  
  79  6:18  Marine x2  
  79  6:19  Marine x3  
  84  6:27  Medivac x2  
  88  6:33  Supply Depot  
  88  6:38  Marine x2  
  88  6:39  Marine  
  91  6:40  Marine x2  
  91  6:41  Siege Tank  
  91  6:46  SCV x2  
  98  7:02  Sensor Tower  
  98  7:08  SCV x2  
  100  7:10  Orbital Command  
  99  7:18  Marine x2, Siege Tank  
  99  7:19  Marine x2, Marauder  
  99  7:20  SCV, Medivac x2  
  113  7:27  Supply Depot x2  
  113  7:28  SCV, Supply Depot  
  114  7:30  Refinery  
  114  7:31  Refinery  
  114  7:43  Supply Depot  
  114  7:46  Supply Depot  
  114  7:48  Marine x2  
  114  7:50  Medivac  
  114  7:51  Barracks x2, Stimpack  
  118  7:59  SCV x3  
  121  8:09  Marine x3  
  121  8:10  Marine  
  121  8:11  Marauder  
  121  8:12  Siege Tank  
  130  8:21  Factory  
  130  8:39  Supply Depot, Barracks Reactor, Barracks Tech Lab  
  130  8:40  Supply Depot  
  130  8:41  Marine x4  
  131  8:44  Siege Tank  
  137  8:51  SCV x3  
  137  8:54  Command Center  
  140  8:55  Terran Infantry Weapons Level 1  
  140  8:58  Command Center  
  140  8:59  Engineering Bay  
  140  9:03  Barracks Reactor  
  140  9:11  Armory  
  140  9:14  SCV x2  
  142  9:19  SCV  
  142  9:23  Marine x5  
  142  9:24  Marine  
  149  9:25  Factory Tech Lab  
  149  9:26  SCV  
  149  9:27  Siege Tank  
  149  9:29  Marauder  
  128  9:52  Marine x8  
  121  10:03  Marine  
  121  10:04  Siege Tank x2  
  121  10:06  Terran Infantry Armor Level 1  
  128  10:08  Terran Vehicle Weapons Level 1  
  128  10:10  Marine x3  
  128  10:13  Marine x2  
  128  10:14  Marine x3  
  138  10:21  Marauder  
  138  10:24  Barracks  
  138  10:25  Barracks  
  136  10:35  Marine x4  
  136  10:36  Marine x4, Sensor Tower  
  144  10:43  Medivac x2  
  148  10:55  Refinery  
  148  10:59  Refinery  
  148  11:00  Marine x6  
  148  11:01  Siege Tank x2  
  160  11:07  Planetary Fortress  
  157  11:19  Marine x8  
  165  11:33  Marine  
  165  11:34  Siege Tank  
  165  11:35  Siege Tank  
  165  11:37  Marine x5  
  177  11:42  Marine x3  
  180  11:51  Marine  
  181  11:54  Marine x2  
  149  12:09  Marine x4  
  149  12:10  Marine x3  
  149  12:11  Viking x2, Siege Tank x2  
  149  12:12  Marine  
  167  12:32  Marine x6  
  167  12:33  Marine x2  
  175  12:39  Starport, Terran Vehicle Weapons Level 2  
  175  12:40  Starport x3, Planetary Fortress  
  175  12:41  Starport  
  164  12:59  Marine x6  
  176  13:08  Thor x2  
  168  13:43  Marine x6  
  158  14:01  Barracks Reactor  
  158  14:02  Barracks Reactor, Starport Tech Lab  
  153  14:03  Starport Reactor x2, Starport Tech Lab  
  153  14:08  Siege Tank x2  
  153  14:09  Marine x8, Starport Tech Lab  
  167  14:20  Command Center  
  167  14:21  Command Center  
  167  14:34  Marine x3  
  167  14:35  SCV  
  171  14:39  Thor  
  171  14:40  Marine x3, Thor  
  171  14:43  SCV, Command Center  
  185  15:06  Marine x3  
  188  15:15  SCV  
  188  15:16  SCV  
  188  15:17  Marine x4, SCV  
  188  15:18  Marine  
  188  15:19  Refinery x2  
  180  15:44  Thor x2  
  187  15:55  Planetary Fortress  
  185  16:00  Marine x6  
  174  16:27  Siege Tank x2  
  154  16:54  Marine x8  
  110  16:59  Siege Tank  
  110  17:00  Siege Tank  
  124  17:02  Orbital Command x2  
  124  17:10  Refinery  
  124  17:14  Command Center  
  109  17:49  Marine x6  
  109  17:50  Marine x2  
  105  17:58  Orbital Command  
  100  18:07  Thor x2  
  100  18:08  Marine x8  
  120  18:22  Marine  
  120  18:26  Marine  
  101  18:45  Marine x8  
Show
View Real Time Build Order
Export as new Build Order

ViBE Terran - Winner!

Build Orders: Mech 

Get SALT Encoding   

  12  0:00  SCV  
  13  0:12  SCV  
  14  0:18  Supply Depot  
  14  0:25  SCV  
  15  0:39  SCV  
  15  0:41  Barracks  
  16  0:51  SCV, Refinery  
  17  1:03  SCV  
  18  1:15  SCV  
  19  1:31  Orbital Command  
  19  1:42  Command Center  
  19  1:57  SCV, Bunker  
  19  1:59  Supply Depot  
  20  2:07  Reaper  
  21  2:12  SCV  
  22  2:16  Factory  
  22  2:24  SCV  
  22  2:25  Refinery  
  23  2:32  Supply Depot  
  23  2:36  SCV  
  24  2:40  Barracks Tech Lab  
  24  2:48  SCV  
  25  2:54  Orbital Command  
  25  3:00  SCV  
  26  3:06  Siege Tank  
  26  3:10  Supply Depot  
  26  3:12  SCV  
  30  3:22  SCV  
  30  3:24  SCV  
  32  3:29  Starport  
  32  3:34  SCV  
  32  3:36  SCV  
  34  3:47  SCV  
  35  3:48  SCV  
  35  3:50  Barracks Reactor  
  36  3:58  Engineering Bay  
  36  3:59  SCV  
  36  4:01  SCV  
  36  4:02  Siege Tank  
  41  4:06  Viking  
  43  4:11  SCV  
  43  4:13  SCV  
  44  4:23  SCV  
  45  4:25  SCV  
  45  4:27  Missile Turret  
  45  4:29  Missile Turret  
  46  4:33  Refinery  
  46  4:44  SCV x2  
  48  4:56  SCV x2  
  48  4:57  Command Center  
  48  5:01  Siege Tank  
  48  5:04  Refinery  
  48  5:06  Viking x2  
  55  5:08  SCV x2  
  57  5:19  Supply Depot x3  
  57  5:20  SCV x2  
  59  5:31  Supply Depot  
  59  5:32  SCV  
  59  5:33  SCV  
  61  5:36  Factory, Barracks Reactor  
  61  5:37  Factory  
  61  5:44  SCV, Siege Tank  
  61  5:45  SCV  
  66  5:56  SCV, Viking x2  
  72  5:57  SCV  
  72  5:58  Supply Depot  
  72  6:09  SCV x2  
  72  6:11  Command Center  
  74  6:21  SCV x2  
  74  6:22  Factory Reactor, Factory Tech Lab  
  76  6:26  Sensor Tower  
  76  6:30  Viking  
  76  6:31  Viking  
  80  6:33  SCV x2  
  82  6:41  Hellion x2, Siege Tank  
  82  6:45  SCV x2  
  82  6:46  Refinery  
  91  6:48  Missile Turret, Refinery  
  91  6:57  SCV x2  
  93  7:02  Orbital Command  
  92  7:09  SCV x2  
  92  7:14  Sensor Tower  
  94  7:21  SCV x2  
  96  7:24  Siege Tank x2  
  96  7:25  Viking, Hellion x2  
  96  7:29  Viking  
  110  7:33  SCV x2  
  112  7:45  SCV  
  112  7:46  SCV  
  112  7:51  Command Center  
  114  7:52  Armory x2  
  114  7:55  SCV  
  114  7:57  SCV  
  114  7:58  SCV  
  117  7:59  Planetary Fortress  
  117  8:02  Supply Depot  
  117  8:05  Siege Tank  
  117  8:06  Hellion x2, Siege Tank  
  117  8:09  Viking  
  117  8:11  Viking  
  131  8:37  SCV x2, Starport  
  131  8:38  SCV x2, Starport  
  131  8:40  Refinery  
  131  8:41  Missile Turret, Refinery  
  135  8:43  Terran Ship Weapons Level 1, Terran Vehicle And Ship Armor Level 1  
  135  8:45  Neosteel Armor  
  135  8:49  SCV  
  135  8:50  SCV x2  
  135  8:54  Supply Depot x3  
  135  8:55  Supply Depot  
  138  9:06  Command Center  
  138  9:07  Hellion x2  
  138  9:08  Siege Tank  
  145  9:12  Siege Tank  
  145  9:13  Viking  
  145  9:16  Starport Reactor x2  
  150  9:24  SCV x3  
  150  9:26  SCV  
  154  9:36  SCV  
  143  9:55  Infernal Pre-Igniter  
  143  9:56  Smart Servos  
  143  9:58  Viking  
  143  9:59  Viking x5  
  153  10:04  Planetary Fortress  
  153  10:21  Siege Tank x2  
  153  10:22  Hellion x2  
  153  10:25  Refinery, Hi-Sec Auto Tracking, Command Center  
  153  10:27  Factory  
  161  10:28  Missile Turret  
  161  10:29  Factory x2  
  161  10:30  Refinery  
  161  10:55  Siege Tank x2  
  161  10:56  Hellion x2  
  171  11:07  Liberator x5  
  171  11:09  Liberator  
  171  11:15  Terran Ship Weapons Level 2, Terran Vehicle And Ship Armor Level 2  
  171  11:17  Fusion Core  
  178  11:28  Factory Tech Lab x2  
  178  11:29  Factory Tech Lab  
  181  11:35  Planetary Fortress  
  181  11:43  Command Center  
  181  11:50  Missile Turret, Refinery x2  
  181  12:01  Siege Tank x5  
  165  12:11  Hellion x2  
  169  12:18  Advanced Ballistics  
  169  12:33  Siege Tank  
  172  12:38  Siege Tank x4  
  172  12:39  Hellion x2  
  188  13:04  Planetary Fortress  
  188  13:13  Liberator  
  188  13:15  Liberator x2  
  190  13:57  Terran Ship Weapons Level 3, Terran Vehicle And Ship Armor Level 3  
  190  14:05  Missile Turret  
  190  14:06  Missile Turret  
  190  14:07  Missile Turret x5  
  190  14:08  Missile Turret  
  190  14:10  Missile Turret  
  190  14:11  Missile Turret  
  190  14:12  Missile Turret  
  190  14:14  Missile Turret  
  190  14:16  Missile Turret x3  
  190  14:18  Missile Turret  
  190  14:29  Missile Turret x2  
  190  14:31  Hellion x4  
  196  14:32  Hellion  
  196  14:37  Factory  
  200  14:39  Factory  
  200  14:41  Factory  
  200  14:42  Factory  
  200  14:43  Factory x3  
  200  14:44  Factory  
  200  14:53  Missile Turret  
  194  15:26  Factory Tech Lab, Siege Tank x2  
  194  15:27  Factory Reactor x2, Factory Tech Lab x5  
  195  16:21  Sensor Tower  
  195  16:24  SCV x5  
  183  16:29  Sensor Tower  
  183  16:30  Sensor Tower  
  183  16:31  Siege Tank x5  
  183  16:32  Siege Tank x3  
  200  16:38  Liberator x4  
  200  16:39  Liberator  
  200  16:41  Liberator  
  195  17:03  SCV x2  
  195  17:04  SCV x3  
  199  17:26  Command Center  
  173  18:11  Siege Tank x3  
  173  18:12  Siege Tank x2  
  185  18:21  SCV x5  
  185  18:22  Planetary Fortress  
  189  18:33  SCV x3  
  165  18:59  SCV  
Tags
 
Composition
Mech
Matchup
TvT
Race
Terran
Spawn Locations
Cross Positions
Add a new tag
Caveats
  • Supply blocks, unpowered buildings, or Contaminate may cause inaccurate times.
  • Supply counts are checked every 10 seconds.